 Dungeon Crawl Stone Soup version 0.31-a0-564-g3b7de120b3 (webtiles) character file.

Game seed: 7181470897751436156

68175 javelincjr the Fighter (level 14, -6/107 (111) HPs)
             Began as a Demonspawn Fighter on Aug 16, 2023.
             Was the Champion of Jiyva.
             Mangled by a wolf spider simulacrum (7 damage)
             ... on level 1 of the Spider Nest on Aug 17, 2023.
             The game lasted 01:02:55 (14171 turns).

javelincjr the Fighter (Demonspawn Fighter)        Turns: 14171, Time: 01:02:55

HP:   -6/107 (111)  AC: 20    Str: 20    XL:     14   Next: 37%
MP:   0/15          EV: 17    Int: 12    God:    Jiyva [******]
Gold: 1107          SH:  4    Dex: 17    Spells: 13/13 levels left

rFire   + + .        o - +6 dagger of Puloomer {drain, *Rage rF+ rC+ Dex+2}
rCold   + . .        (no shield)
rNeg    . . .        b - +6 plate armour {rF+}
rPois   +            N - +2 hat {Int+3}
rElec   .            h - scarf {shadows}
rCorr   +            (no gloves)
SInv    +            k - +2 pair of boots
Will    +....        r - amulet of Cyafan {Regen+ SInv}
Stlth   ++           O - +5 ring of evasion
HPRegen 2.77/turn    q - ring of poison resistance
MPRegen 0.78/turn

%: clarity, guardian spirit
@: lightly drained
A: ignite blood 1, magic shield, magic regeneration, sturdy frame 1, demonic
touch 2, large bone plates 1, clarity, high MP 1, mutation resistance 2, sense
surroundings 3, pseudopods 2, translucent skin 3, MP-powered wands
}: 1/15 runes: slimy
a: Renounce Religion, Oozemancy, Slimify


You were on level 1 of the Spider Nest.
You worshipped Jiyva.
Jiyva was exalted by your worship.
You visited 4 branches of the dungeon, and saw 21 of its levels.
You also visited: Ice Cave and Volcano.

You collected 1107 gold pieces.

Inventory:

Hand Weapons
 f - a +2 glaive of flaming
 o - the +6 dagger of Puloomer (weapon) {drain, *Rage rF+ rC+ Dex+2}
   (You found it on level 2 of the Dungeon)

   Dex+2:     It affects your dexterity (+2).
   rF+:       It protects you from fire.
   rC+:       It protects you from cold.
   *Rage:     It berserks you when you make melee attacks (+20% chance).
 y - a +7 glaive of pain
 H - the +6 mace "Waesi" {heavy, *Rage rF++ rC+ rN+}
   (You took it off a gnoll on level 7 of the Dungeon)

   rF++:      It greatly protects you from fire.
   rC+:       It protects you from cold.
   rN+:       It protects you from negative energy.
   *Rage:     It berserks you when you make melee attacks (+20% chance).
 L - a +5 long sword of freezing
Missiles
 i - 2 throwing nets
 w - 21 poisoned darts (quivered)
 C - 3 darts of dispersal
Armour
 b - a +6 plate armour of fire resistance (worn)
 c - a +2 chain mail of fire resistance
 h - a scarf of shadows (worn)
 k - a +2 pair of boots (worn)
 B - a +2 hat
 N - a +2 hat of intelligence (worn)
 T - a +0 troll leather armour
Jewellery
 q - a ring of poison resistance (right hand)
 r - the amulet of Cyafan (around neck) {Regen+ SInv}
   (You found it on level 5 of the Pits of Slime)

   [amulet of regeneration]

   SInv:      It lets you see invisible.
   Regen+:    It increases your rate of health regeneration.
 x - a +4 ring of protection
 E - a ring of protection from fire
 G - a ring of protection from fire
 O - a +5 ring of evasion (left hand)
 Z - a ring of protection from cold
Wands
 t - a wand of flame (41)
 v - a wand of mindburst (7)
 A - a wand of polymorph (11)
 P - a wand of roots (10)
 S - a wand of digging (4)
Scrolls
 j - 4 scrolls of fog
 m - 2 scrolls of amnesia
 n - a scroll of enchant weapon {unknown}
 p - a scroll of revelation
 s - 2 scrolls of vulnerability {unknown}
 u - a scroll of blinking
 z - a scroll of poison {unknown}
 M - 2 scrolls of noise {unknown}
 Q - 3 scrolls of fear {unknown}
 R - a scroll of torment {unknown}
 U - 4 scrolls of teleportation
Potions
 a - 2 potions of haste {unknown}
 d - a potion of might
 e - 2 potions of curing
 g - 5 potions of resistance
 l - 2 potions of enlightenment
 D - a potion of heal wounds
 F - a potion of magic {unknown}
 I - a potion of degeneration {unknown}
 J - 3 potions of ambrosia {unknown}
 K - 4 potions of brilliance {unknown}
 V - a potion of invisibility {unknown}
 X - a potion of mutation {unknown}
 Y - a potion of lignification {unknown}
Miscellaneous
 W - a condenser vane


   Skills:
 + Level 10.8 Fighting
 - Level 10.0 Short Blades
 + Level 6.3 Maces & Flails
 - Level 2.4 Polearms
 + Level 9.8 Armour
 + Level 9.2 Dodging
 + Level 9.8 Stealth
 + Level 9.6 Shields


You had 13 spell levels left.
You didn't know any spells.
Your spell library contained the following spells:

 Spells                   Type           Power      Damage    Failure   Level
 Magic Dart               Conj           0%         1d3       97%         1
 Blink                    Tloc           0%         N/A       99%         2
 Call Imp                 Summ           0%         N/A       99%         2
 Ensorcelled Hibernation  Hex/Ice        0%         N/A       99%         2
 Lesser Beckoning         Tloc           0%         N/A       99%         2
 Momentum Strike          Conj/Tloc      0%         3d8       99%         2
 Passwall                 Tmut/Erth      0%         N/A       99%         2
 Mephitic Cloud           Conj/Pois/Air  0%         N/A       100%        3
 Swiftness                Air            0%         N/A       100%        3
 Animate Armour           Summ/Erth      0%         N/A       100%        4
 Manifold Assault         Tloc           0%         N/A       100%        4
 Summon Lightning Spire   Summ/Air       0%         N/A       100%        4
 Lee's Rapid Deconstruct  Erth           0%         3d4*      100%        5
 Dispersal                Tloc           0%         N/A       100%        6
 Disjunction              Tloc           0%         N/A       100%        8


Dungeon Overview and Level Annotations

Branches:
Dungeon (11/15)            Temple (0/1) D:5            Lair (4/5) D:11
  Swamp (0/4) Lair:2       Spider (1/4) Lair:2        Slime (5/5) Lair:4
  IceCv (visited)         Volcano (visited)
    Orc: D:9-12

Altars:
Ashenzari
Dithmenos
Makhleb
Nemelex Xobeh
Okawaru
Qazlal
Ru
Jiyva
Lugonu

Shops:
D:3 =   D:9 :

Portals:
Abyss: Lair:4

Annotations:
Slime:5 Royal Jelly


Innate Abilities, Weirdness & Mutations

Your demonic aura sometimes causes spilled blood to erupt in flames.
When hurt, damage is shared between your health and your magic reserves.
You regenerate magic rapidly.
Your movements are slightly less encumbered by armour. (ER -2)
Your touch may inflict irresistible damage on your foes.
You are partially covered in large bone plates. (SH +4)
You possess an exceptional clarity of mind.
You have an increased reservoir of magic. (+10% MP)
You are somewhat resistant to both further mutation and mutation removal.
You passively map a large area around you.
Armour fits poorly on your large pseudopods.
Your transparent skin significantly reduces your foes' accuracy. (Stealth+)
You expend magic power (3 MP) to strengthen your wands.


Message History

Your bludgeon misses the wolf spider.
The wolf spider is almost dead.
You feel sick.
The culicivora's soul is no longer bound.
You hit the wolf spider. You drain the wolf spider.
You touch the wolf spider.
You kill the wolf spider!
A freezing mist starts to gather...
A wolf spider simulacrum comes into view.
The culicivora bites you but does no damage.
You hit the culicivora but do no damage.
Your touch misses the culicivora.
The culicivora is severely wounded.
You feel sick.
You hear a slurping noise.
You barely miss the culicivora.
The culicivora is severely wounded.
The culicivora bites you!
* * * LOW HITPOINT WARNING * * *
The culicivora draws strength from your injuries!
You completely miss the wolf spider simulacrum.
You feel sick.
You are no longer poisoned.
The culicivora is engulfed in blazing flames.
The culicivora closely misses you.
You hit the wolf spider simulacrum.
You touch the wolf spider simulacrum!
The wolf spider simulacrum is moderately damaged.
You block the wolf spider simulacrum's attack.
The wolf spider simulacrum bites you.
* * * LOW HITPOINT WARNING * * *
The wolf spider simulacrum freezes you! You resist.
* * * LOW HITPOINT WARNING * * *
The culicivora is engulfed in blazing flames.
You kill the culicivora!
You hit the wolf spider simulacrum but do no damage.
Your touch misses the wolf spider simulacrum.
The wolf spider simulacrum is moderately damaged.
The wolf spider simulacrum hits you.
* * * LOW HITPOINT WARNING * * *
The wolf spider simulacrum freezes you! You resist.
You die...

, , , , * ,, ,, ,*
*, *).#..... $.., ,
,, , ,
.#,....#.....#.#,,
, , * ,
...#.......^...#.,,
, ,
...#..#.#..#....# ,
, ,
......#....#..... *
.........#Z°..##, ,
,, , ,
,#...#..†#.@....# *
, , , , ,
#...^#.<..#..#....
, , , ,
...#.#....##....#.*
, , ,
,^>.....J...##...#
, ,,
#..#.#†#...###.#..
, * ,
,..#.......#.......
* *
,...........†.##...
** *,
##......†...... ,
#.^##.....#..## ,,


You could see a wolf spider simulacrum and a neutral jelly (wandering) (fellow
slime).

Vanquished Creatures
  Gastronok (D:8)
  Donald (Spider:1)
  An emperor scorpion (Lair:2)
  A reaper (IceCv)
  The ghost of Zonian the Grappler, a journeyman DrSh of Dithmenos (Lair:3)
  A fire dragon (Volcano)
  2 hydras
  A catoblepas (Lair:2)
  A centaur warrior (D:9)
  A two-headed ogre (D:9)
  10 death yaks
  3 skysharks
  A pharaoh ant (Spider:1)
  An orb spider (Spider:1)
  Pikel (D:3)
  A steelbarb worm (Spider:1)
  3 lindwurms (Volcano)
  2 ugly things
  4 wolf spiders
  A cyclops (D:11)
  9 elephants
  Joseph (D:7)
  2 black mambas
  2 torpor snails
  2 ice statues (IceCv)
  3 smoke demons (Volcano)
  12 cane toads
  2 freezing wraiths
  8 komodo dragons
  Psyche (D:8)
  An anaconda simulacrum (IceCv)
  A rime drake (Lair:3)
  4 ice devils (IceCv)
  2 trolls
  A hornet (Lair:2)
  A polar bear (Lair:1)
  3 tarantellas
  Grinder (D:3)
  12 blink frogs
  3 jumping spiders
  2 culicivoras
  A shadow (D:11)
  23 yaks
  2 wyverns
  2 basilisks
  2 dire elephant simulacra (IceCv)
  7 steam dragons
  3 redbacks
  5 harpy simulacra (IceCv)
  3 acid dragons
  Duvessa (D:5)
  2 hell hounds (Volcano)
  9 water moccasins
  2 orc warriors
  4 ice beasts
  2 hydra simulacra (IceCv)
  2 black bears
  An ogre (D:3)
  17 wolves
  3 lemures (D:3)
  4 phantoms (D:6)
  16 bullfrogs
  3 kobold brigands (D:9)
  Blork the orc (D:5)
  2 gnoll sergeants
  A scorpion (Lair:3)
  2 cane toad simulacra (IceCv)
  5 wights
  Dowan (D:5)
  26 killer bees
  A howler monkey (D:5)
  3 hounds
  5 orc priests
  2 gnoll boudas (D:7)
  4 sleepcaps
  Ijyb (D:5)
  Terence (D:3)
  2 iguanas (D:6)
  10 orc wizards
  A spriggan simulacrum (IceCv)
  2 troll simulacra (IceCv)
  5 hell rats (Lair:2)
  10 adders
  14 gnolls
  A white imp (IceCv)
  An ufetubus (D:5)
  3 worms
  2 dart slugs
  33 orcs
  4 ball pythons
  3 bats
  2 endoplasms (D:1)
  2 giant cockroaches
  4 goblins
  3 hobgoblins
  8 kobolds
  5 quokkas
  10 frilled lizards
  4 rats
409 creatures vanquished.

Vanquished Creatures (collateral kills)
  A troll (D:11)
  A tarantella (Spider:1)
  A vampire (D:11)
  2 redbacks (Spider:1)
  An acid dragon (D:11)
  An orc warrior (D:11)
  A gnoll sergeant (D:11)
  6 gnolls (D:11)
  An orc (D:11)
15 creatures vanquished.

Vanquished Creatures (others)
  A water moccasin (Lair:2)
  3 bullfrogs
  34 jellies
  An orc priest (D:7)
  2 orc wizards
  2 gnolls (D:7)
  2 orcs
  2 lurking horrors (Lair:4)
47 creatures vanquished.

Grand Total: 471 creatures vanquished

Notes
Turn   | Place    | Note
-------+----------+-------------------------------------------
     0 | D:1      | javelincjr the Demonspawn Fighter began the quest for the
                  | Orb.
     0 | D:1      | Reached XP level 1. HP: 18/18 MP: 1/1
   190 | D:1      | Gained mutation: Your touch may inflict minor irresistible
                  | damage on your foes. [demonic ancestry]
   190 | D:1      | Reached XP level 2. HP: 20/24 MP: 2/2
   753 | D:2      | Reached XP level 3. HP: 28/29 MP: 3/3
  1303 | D:2      | Reached XP level 4. HP: 30/35 MP: 4/4
  1458 | D:2      | Identified the +6 dagger of Puloomer {drain, *Rage rF+ rC+
                  | Dex+2}
  1648 | D:3      | Reached skill level 1 in Dodging
  1762 | D:3      | Noticed Terence
  1767 | D:3      | Killed Terence
  1838 | D:3      | Noticed an ogre
  1851 | D:3      | Killed an ogre
  1852 | D:3      | Reached skill level 1 in Short Blades
  1852 | D:3      | Reached skill level 1 in Stealth
  1852 | D:3      | Gained mutation: Your demonic aura sometimes causes spilled
                  | blood to erupt in flames. [demonic ancestry]
  1852 | D:3      | Reached XP level 5. HP: 22/42 MP: 5/5
  1934 | D:3      | Noticed Grinder
  1952 | D:3      | Killed Grinder
  1953 | D:3      | Reached XP level 6. HP: 48/48 MP: 6/6
  2121 | D:3      | Found Geogof's Jewellery Boutique.
  2151 | D:3      | Found a faded altar of an unknown god.
  2162 | D:3      | Prayed at the altar of an unknown god.
  2162 | D:3      | Became a worshipper of Jiyva Juem the Shapeless
  2162 | D:3      | Reached * piety under Jiyva
  2404 | D:4      | Noticed Pikel
  2491 | D:3      | Killed Pikel
  2492 | D:3      | Gained mutation: You regenerate magic rapidly. [demonic
                  | ancestry]
  2492 | D:3      | Reached XP level 7. HP: 13/55 MP: 7/7
  2712 | D:4      | Reached ** piety under Jiyva
  2802 | D:4      | Found a burning altar of Makhleb.
  2935 | D:4      | Found a broken altar of Ashenzari.
  3394 | D:5      | Entered Level 5 of the Dungeon
  3411 | D:5      | Reached *** piety under Jiyva
  3411 | D:5      | Gained mutation: You possess an exceptional clarity of
                  | mind. [Jiyva's grace]
  3411 | D:5      | Gained mutation: You are somewhat resistant to further
                  | mutation. [Jiyva's grace]
  3411 | D:5      | Gained mutation: You are somewhat resistant to both further
                  | mutation and mutation removal. [Jiyva's grace]
  3411 | D:5      | Gained mutation: You are almost entirely resistant to
                  | further mutation and mutation removal. [Jiyva's grace]
  3427 | D:5      | Gained mutation: Your movements are slightly less
                  | encumbered by armour. (ER -2) [demonic ancestry]
  3427 | D:5      | Reached XP level 8. HP: 47/61 MP: 8/8
  3440 | D:5      | Noticed Ijyb
  3452 | D:5      | Killed Ijyb
  3503 | D:5      | Noticed Blork the orc
  3511 | D:5      | Killed Blork the orc
  3718 | D:5      | Reached skill level 5 in Fighting
  3744 | D:5      | Noticed Dowan
  3745 | D:5      | Noticed Duvessa
  3748 | D:5      | Killed Dowan
  3753 | D:5      | Killed Duvessa
  3844 | D:5      | Found a staircase to the Ecumenical Temple.
  4196 | D:6      | Reached **** piety under Jiyva
  4737 | D:6      | You fall into a shaft and drop 3 floors!
  4829 | D:9      | Gained mutation: A frigid envelope surrounds you and
                  | freezes all who hurt you. [Jiyva's grace]
  4829 | D:9      | Gained mutation: You are strong-willed. (Will+) [Jiyva's
                  | grace]
  4829 | D:9      | Gained mutation: You are highly strong-willed. (Will++)
                  | [Jiyva's grace]
  4829 | D:9      | Gained mutation: You are extremely strong-willed. (Will+++)
                  | [Jiyva's grace]
  4895 | D:8      | Reached ***** piety under Jiyva
  4922 | D:8      | Reached skill level 5 in Short Blades
  4941 | D:7      | Reached skill level 5 in Armour
  4950 | D:7      | Gained mutation: When hurt, damage is shared between your
                  | health and your magic reserves. [demonic ancestry]
  4950 | D:7      | Reached XP level 9. HP: 68/68 MP: 9/9
  4960 | D:7      | Reached skill level 5 in Shields
  5073 | D:7      | Noticed Joseph
  5086 | D:7      | Killed Joseph
  5194 | D:7      | Found a shadowy altar of Dithmenos.
  5195 | D:7      | Found a stormy altar of Qazlal.
  5260 | D:7      | Identified the +6 mace "Waesi" {heavy, *Rage rF++ rC+ rN+}
  5736 | D:7      | Found an iron altar of Okawaru.
  6377 | D:8      | Lost mutation: You possess an exceptional clarity of mind.
                  | [Jiyva's grace]
  6377 | D:8      | Lost mutation: You are almost entirely resistant to further
                  | mutation and mutation removal. [Jiyva's grace]
  6377 | D:8      | Lost mutation: A frigid envelope surrounds you and freezes
                  | all who hurt you. [Jiyva's grace]
  6377 | D:8      | Gained mutation: You are partially covered in large bone
                  | plates. (SH +4) [Jiyva's grace]
  6377 | D:8      | Gained mutation: You are mostly covered in large bone
                  | plates. (SH +6) [Jiyva's grace]
  6377 | D:8      | Gained mutation: You are completely covered in large bone
                  | plates. (SH +8) [Jiyva's grace]
  6377 | D:8      | Gained mutation: You expend magic power (3 MP) to
                  | strengthen your wands. [Jiyva's grace]
  6597 | D:8      | Noticed Gastronok
  6614 | D:8      | Killed Gastronok
  6615 | D:8      | Reached skill level 5 in Stealth
  6615 | D:8      | Gained mutation: Your touch may inflict irresistible damage
                  | on your foes. [demonic ancestry]
  6615 | D:8      | Reached XP level 10. HP: 77/77 MP: 10/10
  6630 | D:8      | Reached skill level 5 in Dodging
  6784 | D:8      | Noticed Psyche
  6789 | D:8      | Killed Psyche
  7086 | D:9      | Noticed a two-headed ogre
  7097 | D:9      | Killed a two-headed ogre
  7099 | D:9      | Found Lysm's Book Shoppe.
  7241 | D:9      | Noticed a centaur warrior
  7251 | D:9      | Killed a centaur warrior
  7269 | D:9      | Reached XP level 11. HP: 84/84 MP: 9/11
  7385 | D:9      | Found a sparkling altar of Nemelex Xobeh.
  7645 | D:10     | Entered Level 10 of the Dungeon
  7931 | D:10     | Noticed a cyan ugly thing
  7941 | D:10     | Killed a cyan ugly thing
  8136 | D:10     | Reached ****** piety under Jiyva
  8405 | D:10     | Found a sacrificial altar of Ru.
  8620 | D:11     | Noticed a brown ugly thing
  8630 | D:11     | Killed a brown ugly thing
  8791 | D:11     | Lost mutation: You are completely covered in large bone
                  | plates. (SH +8) [Jiyva's grace]
  8791 | D:11     | Lost mutation: You are extremely strong-willed. (Will+++)
                  | [Jiyva's grace]
  8791 | D:11     | Lost mutation: You are highly strong-willed. (Will++)
                  | [Jiyva's grace]
  8791 | D:11     | Lost mutation: You are strong-willed. (Will+) [Jiyva's
                  | grace]
  8791 | D:11     | Lost mutation: You are somewhat resistant to both further
                  | mutation and mutation removal. [Jiyva's grace]
  8791 | D:11     | Gained mutation: You are somewhat resistant to both further
                  | mutation and mutation removal. [Jiyva's grace]
  8791 | D:11     | Gained mutation: You are almost entirely resistant to
                  | further mutation and mutation removal. [Jiyva's grace]
  8791 | D:11     | Gained mutation: Armour fits poorly on your pseudopods.
                  | [Jiyva's grace]
  8791 | D:11     | Gained mutation: Armour fits poorly on your large
                  | pseudopods. [Jiyva's grace]
  8830 | D:11     | Found a staircase to the Lair.
  8869 | Lair:1   | Entered Level 1 of the Lair of Beasts
  8913 | Lair:1   | Found a dark tunnel.
  8940 | Volcano  | Entered a volcano
  8977 | Volcano  | Reached skill level 1 in Maces & Flails
  9082 | Volcano  | Noticed a lindwurm
  9088 | Volcano  | Killed a lindwurm
  9097 | Volcano  | Noticed a lindwurm
  9097 | Volcano  | Noticed a lindwurm
  9103 | Volcano  | Killed a lindwurm
  9104 | Volcano  | Reached XP level 12. HP: 56/94 MP: 7/12
  9123 | Volcano  | Noticed a fire dragon
  9136 | Volcano  | Killed a fire dragon
  9784 | Lair:1   | You fall into a shaft and drop 1 floor!
  9797 | Lair:2   | Noticed a five-headed hydra
  9820 | Lair:2   | Killed a five-headed hydra
  9913 | Lair:2   | Reached skill level 10 in Short Blades
  9956 | Lair:2   | Found a staircase to the Swamp.
  9982 | Lair:2   | Noticed a catoblepas
  9993 | Lair:2   | Killed a catoblepas
 10035 | Lair:2   | Found a hole to the Spider Nest.
 10576 | Lair:1   | Lost mutation: You are mostly covered in large bone plates.
                  | (SH +6) [Jiyva's grace]
 10576 | Lair:1   | Gained mutation: You passively map a small area around you.
                  | [Jiyva's grace]
 10576 | Lair:1   | Gained mutation: You passively map the area around you.
                  | [Jiyva's grace]
 10576 | Lair:1   | Gained mutation: You passively map a large area around you.
                  | [Jiyva's grace]
 10576 | Lair:1   | Gained mutation: You have an increased reservoir of magic.
                  | (+10% MP) [Jiyva's grace]
 10715 | Lair:3   | Noticed a death yak
 10726 | Lair:3   | Killed a death yak
 10730 | Lair:3   | Found a broken altar of Ashenzari.
 10746 | Lair:3   | Noticed a death yak
 10750 | Lair:3   | Noticed a death yak
 10771 | Lair:3   | Noticed a death yak
 10780 | Lair:3   | Killed a death yak
 10781 | Lair:3   | Reached XP level 13. HP: 91/101 MP: 11/14
 11087 | Lair:3   | Found a runed translucent door.
 11089 | Lair:3   | Noticed Zonian's ghost (journeyman DrSh)
 11132 | Lair:3   | Killed Zonian's ghost
 11604 | Lair:4   | Found a frozen archway.
 11616 | IceCv    | Entered an ice cave
 11657 | IceCv    | Reached skill level 5 in Maces & Flails
 11713 | IceCv    | Reached skill level 10 in Fighting
 12031 | IceCv    | Noticed a reaper
 12041 | IceCv    | Killed a reaper
 12201 | Lair:4   | Found a one-way gate to the infinite horrors of the Abyss.
 12204 | Lair:4   | Found a corrupted altar of Lugonu.
 12364 | Lair:4   | Lost mutation: You are almost entirely resistant to further
                  | mutation and mutation removal. [Jiyva's grace]
 12364 | Lair:4   | Gained mutation: You possess an exceptional clarity of
                  | mind. [Jiyva's grace]
 12364 | Lair:4   | Gained mutation: Your translucent skin slightly reduces
                  | your foes' accuracy. (Stealth+) [Jiyva's grace]
 12364 | Lair:4   | Gained mutation: Your translucent skin reduces your foes'
                  | accuracy. (Stealth+) [Jiyva's grace]
 12364 | Lair:4   | Gained mutation: Your transparent skin significantly
                  | reduces your foes' accuracy. (Stealth+) [Jiyva's grace]
 12894 | Lair:4   | Reached XP level 14. HP: 109/111 MP: 15/15
 13160 | Lair:4   | Found a staircase to the Slime Pits.
 13162 | Lair:4   | Found a viscous altar of Jiyva.
 13177 | Slime:1  | Entered Level 1 of the Pits of Slime
 13185 | Slime:1  | Noticed an acid blob
 13200 | Slime:1  | Noticed an acid blob
 13200 | Slime:1  | Noticed an acid blob
 13202 | Slime:1  | Noticed an acid blob
 13237 | Slime:1  | Noticed an azure jelly
 13245 | Slime:1  | Noticed an acid blob
 13247 | Slime:1  | Noticed a quicksilver ooze
 13253 | Slime:2  | Noticed a quicksilver ooze
 13253 | Slime:2  | Noticed an acid blob
 13259 | Slime:3  | Noticed an azure jelly
 13259 | Slime:3  | Noticed a quicksilver ooze
 13270 | Slime:4  | Noticed an azure jelly
 13274 | Slime:5  | Entered Level 5 of the Pits of Slime
 13278 | Slime:5  | Noticed an acid blob
 13282 | Slime:5  | Found a viscous altar of Jiyva.
 13304 | Slime:5  | Identified the staff of Lies {Int+4 Earth}
 13309 | Slime:5  | Noticed an acid blob
 13333 | Slime:5  | Got a slimy rune of Zot
 13340 | Slime:5  | Noticed a rockslime
 13347 | Slime:5  | Identified the amulet "Zem Tege" {Faith rElec SInv}
 13350 | Slime:5  | Noticed a formless jellyfish
 13360 | Slime:5  | Identified the amulet of Cyafan {Regen+ SInv}
 13369 | Slime:5  | Noticed an acid blob
 13400 | Slime:5  | Noticed the Royal Jelly
 13402 | Slime:5  | Noticed a formless jellyfish
 13427 | Slime:5  | Noticed an acid blob
 13489 | Slime:5  | Noticed a formless jellyfish
 13498 | Slime:5  | Noticed a formless jellyfish
 13519 | Slime:5  | Noticed an acid blob
 13521 | Slime:5  | Noticed a quicksilver ooze
 13524 | Slime:5  | Noticed a quicksilver ooze
 13571 | Slime:5  | Noticed a quicksilver ooze
 13806 | Slime:1  | Noticed a rockslime
 13921 | Spider:1 | Entered Level 1 of the Spider Nest
 13928 | Spider:1 | Noticed Donald
 13956 | Spider:1 | Killed Donald
 13980 | Spider:1 | Noticed an emperor scorpion
 14098 | Lair:2   | Killed an emperor scorpion
 14099 | Lair:2   | Upgraded the game from 0.31-a0-557-g6e16503903 to
                  | 0.31-a0-564-g3b7de120b3
 14170 | Spider:1 | HP: 4/106 [wolf spider simulacrum (9)]
 14171 | Spider:1 | HP: 1/107 [wolf spider simulacrum (4)]
 14171 | Spider:1 | Mangled by a wolf spider simulacrum

Illustrated notes

Levels and vault maps discovered:
D:1:      ebering_hopf_link, layout_loops_ring, glass_columns_c
D:2:      layout_loops_corners, minmay_lizard_king
D:3:      layout_basic, serial_shops, nicolae_shop_statue_plus,
          hellmonk_ecumenical_altar_crossroads, minmay_misc_feat_ornament,
          uniq_terence, uniq_grinder
D:4:      layout_basic, tso_metal_star, lemuel_coloured_pillars_altar,
          mainiacjoe_overflow_cross_hatched, serial_forest,
          infiniplex_forest_straight_2, infiniplex_forest_clump_small,
          infiniplex_forest_straight_2, infiniplex_forest_clump_tiny,
          kennysheep_cross_bottleneck, uniq_pikel
D:5:      layout_basic, temple_doors_ab, serial_bayou_pond_a, uniq_duvessa,
          uniq_blork_the_orc, uniq_ijyb
D:6:      layout_gridville, minmay_fractal_squares_gapless_5
D:7:      layout_loops_ring, lemuel_round_altar, nicolae_overflow_squiral,
          uniq_joseph
D:8:      layout_loops_ring, uniq_gastronok, uniq_psyche
D:9:      minmay_slanted_spiral_squares, layout_loops_ring,
          kennysheep_little_box, serial_shops, shop, minmay_misc_feat_doors
D:10:     layout_loops_ring, mainiacjoe_overflow_alcove_2, serial_bayou_pond_c
D:11:     layout_big_octagon, david_lair_shrubbed, doesnt_xom_only_xom
Lair:1:   layout_regular_city, enter_volcano_2
Lair:2:   layout_hall_layers, swamp_mist, spider_nest_entry_rubble,
          infiniplex_staircase_pool_2
Lair:3:   layout_misc_corridors, hellmonk_ghost_happy_afterlife, basic_altar
Lair:4:   layout_concentric_octagons, dpeg_slime_entry_corner,
          portal_ice_cave_entry_pillars_2, amcnicky_altar_lugonu_corruption
Spider:1: layout_spider_delve, drop_trap, hellmonk_watch_for_rolling_rocks,
          uniq_donald
Slime:1:  cheibrodos_slime_lost_civilization_3, layout_caves
Slime:2:  layout_caves
Slime:3:  layout_caves
Slime:4:  layout_caves
Slime:5:  slime_pit_nicolae_jellycorners

Skill      XL: |  1  2  3  4  5  6  7  8  9 10 11 12 13 14 |
---------------+-------------------------------------------+-----
Polearms       | 2 |  2.4
Armour         | 3 4 5 6 7 8 9 |  9.8
Shields        | 3 4 5 6 7 8 9 |  9.6
Dodging        | 1 2 3 4 5 6 7 8 9 |  9.2
Short Blades   | 1 2 3 5 6 7 9 10 | 10.0
Stealth        | 1 2 3 5 6 7 8 9 |  9.8
Fighting       | 4 5 6 7 8 9 10 | 10.8
Maces & Flails | 1 3 5 6 |  6.3

Action                     |  1- 3 |  4- 6 |  7- 9 | 10-12 | 13-15 || total
---------------------------+-------+-------+-------+-------+-------++-------
  Melee: Trident           |    94 |    18 |       |       |       ||   112
         Touch             |     8 |     7 |    51 |   148 |   171 ||   385
         Dagger            |       |    50 |   246 |   563 |   629 ||  1488
         Punch             |       |     1 |       |     6 |    12 ||    19
         Unarmed           |       |       |     4 |       |       ||     4
         Mace              |       |       |       |    44 |       ||    44
         Pseudopods        |       |       |       |    90 |   181 ||   271
  Throw: Dart              |       |       |     4 |     3 |       ||     7
 Invoke: Oozemancy         |       |       |     1 |       |     3 ||     4
    Use: Scroll            |       |     4 |     6 |     3 |     7 ||    20
         Potion            |       |     1 |       |       |     6 ||     7
   Stab: Sleeping          |       |       |       |     2 |     4 ||     6
 Armour: Scale mail        |    35 |     7 |       |       |       ||    42
         Chain mail        |       |    15 |    89 |   295 |   101 ||   500
         Plate armour      |       |       |       |       |   121 ||   121
  Dodge: Dodged            |    29 |    15 |    99 |   373 |   435 ||   951
  Block: Buckler           |     4 |       |       |       |       ||     4
         Other             |       |       |     3 |   233 |   105 ||   341

Table legend: (Time is in decaauts)
 A = Elapsed time spent in this place.
 B = Non-inter-level travel time spent in this place.
 C = Inter-level travel time spent in this place.
 D = Time resting spent in this place.
 E = Time spent auto-exploring this place.
 F = Levels seen in this place.
 G = Mean time per level.
                   A        B        C        D        E       F      G
               +--------+--------+--------+--------+--------+-----+--------+
         Total |  14192 |  13643 |    549 |     91 |   9886 |  23 |  617.0 |
       Dungeon |   8956 |   8694 |    262 |     52 |   6814 |  11 |  814.2 |
          Lair |   3629 |   3432 |    197 |     19 |   2353 |   4 |  907.2 |
   Spider Nest |     98 |     95 |      3 |      0 |      1 |   1 |   98.0 |
    Slime Pits |    652 |    566 |     86 |      0 |    481 |   5 |  130.4 |
      Ice Cave |    495 |    495 |      0 |      0 |    141 |   1 |  495.0 |
       Volcano |    359 |    359 |      0 |     20 |     95 |   1 |  359.0 |
               +--------+--------+--------+--------+--------+-----+--------+

Top non-repeatable levels by time:
  Lair:4: 1132 daAuts
     D:2: 1046 daAuts
  Lair:1: 949 daAuts
     D:6: 939 daAuts
     D:9: 938 daAuts
     D:3: 929 daAuts
     D:4: 908 daAuts
     D:7: 868 daAuts
    D:10: 854 daAuts
  Lair:3: 838 daAuts
     D:5: 754 daAuts
     D:8: 729 daAuts
  Lair:2: 709 daAuts
     D:1: 616 daAuts
 Slime:5: 509 daAuts
